 Dungeon Crawl Stone Soup version 0.28.0 (webtiles) character file.

Game seed: 9536525895858912527

53 dolemite99 the Chopper (level 3, -1/27 HPs)
             Began as a Demonspawn Gladiator on Feb 13, 2022.
             Was a Follower of Kikubaaqudgha.
             Slain by Terence (7 damage)
             ... on level 2 of the Dungeon.
             The game lasted 00:01:23 (2553 turns).

dolemite99 the Chopper (Demonspawn Gladiator)       Turns: 2553, Time: 00:01:23

Health: -1/27      AC:  7    Str: 16    XL:     3   Next: 64%
Magic:  3/3        EV: 14    Int:  9    God:    Kikubaaqudgha [*.....]
Gold:   86         SH:  0    Dex: 14    Spells: 2/2 levels left

rFire   . . .      SeeInvis .   a - +0 war axe
rCold   . . .      Faith    .   (no shield)
rNeg    . . .      Spirit   .   j - +0 ring mail
rPois   .          Reflect  .   c - +0 helmet
rElec   .          Harm     .   (no cloak)
rCorr   .          Rampage  .   g - +0 pair of gloves
Will    .....                   (no boots)
Stlth   +.........              (no amulet)
HPRegen 0.09/turn               (no ring)
MPRegen 0.08/turn               (no ring)

@: no status effects
A: repulsion field 2
a: Renounce Religion, Receive Corpses


You were on level 2 of the Dungeon.
You worshipped Kikubaaqudgha.
Kikubaaqudgha was aware of your devotion.
You visited 1 branch of the dungeon, and saw 2 of its levels.

You collected 86 gold pieces.

Inventory:

Hand Weapons
 a - a +0 war axe (weapon)
 l - a +2 dagger of pain
Missiles
 i - 17 stones (quivered)
Armour
 b - a +0 leather armour
 c - a +0 helmet (worn)
 g - a +0 pair of gloves (worn)
 j - a +0 ring mail (worn)
Scrolls
 h - a scroll of magic mapping {unknown}
 k - 2 scrolls of fear {unknown}
 m - a scroll of identify {unknown}
Potions
 e - 3 potions of lignification {unknown}
 f - a potion of invisibility {unknown}


   Skills:
 - Level 2.0 Fighting
 + Level 4.2 Axes
 - Level 1.7 Throwing
 - Level 2.6 Dodging


You had 2 spell levels left.
You didn't know any spells.
Your spell library contained the following spells:

 Spells                   Type           Power      Damage    Failure   Level
 Animate Skeleton         Necr           0%         N/A       61%         1
 Pain                     Necr           0%         1d4       61%         1
 Inner Flame              Hex/Fire       0%         N/A       93%         3
 Vampiric Draining        Necr           0%         2d6       93%         3
 Cause Fear               Hex            0%         N/A       100%        4
 Agony                    Necr           0%         N/A       100%        5
 Discord                  Hex            0%         N/A       100%        8


Dungeon Overview and Level Annotations

Branches:
Dungeon (2/15)

Altars:
Kikubaaqudgha

Annotations:
D:2 Terence


Innate Abilities, Weirdness & Mutations

You are surrounded by a moderate repulsion field. (EV +3)


Message History

Terence is nearby!
You closely miss Terence. Terence hits you with a +3 mace.
You closely miss Terence. Terence barely misses you.
Terence completely misses you.
Okay, then.
You hit Terence but do no damage. Terence barely misses you.
You barely miss Terence. Terence hits you but does no damage.
You hit Terence but do no damage. Terence hits you with a +3 mace.
Throw: 3 throwing nets
Press: ? - help, Shift-Dir - straight line, f - Terence
Aim: Terence, wielding a +3 mace and wearing a +1 chain mail of fire resistance (67% to hit)
You throw a throwing net. The throwing net barely misses Terence.
Terence hits you with a +3 mace.
You hit Terence but do no damage. Terence hits you with a +3 mace. x2
You hit Terence.
Terence is lightly wounded.
Terence misses you.
Throw: 2 throwing nets
Press: ? - help, Shift-Dir - straight line, f/p - Terence
Aim: Terence, wielding a +3 mace and wearing a +1 chain mail of fire resistance (lightly wounded, 67% to hit)
You throw a throwing net.
The throwing net closely misses Terence.
Terence completely misses you.
You slash Terence!
Terence is severely wounded.
Terence hits you but does no damage.
Throw: throwing net
Press: ? - help, Shift-Dir - straight line, f/p - Terence
Aim: Terence, wielding a +3 mace and wearing a +1 chain mail of fire resistance (severely wounded, 67% to hit)
You throw a throwing net. The throwing net barely misses Terence.
Terence drinks a potion.
Terence is healed!
You hit Terence.
Terence is moderately wounded.
Terence hits you with a +3 mace!
* * * LOW HITPOINT WARNING * * *
You hit Terence but do no damage.
Terence is moderately wounded.
Terence hits you with a +3 mace!
You die...
Kikubaaqudgha rasps: "You have failed me!
Welcome... death!"

##### #.@.# .# #.#@#
#.# #.#.(. #.####
#.##### #....#
###....)# #....#
#......[# #....####
#.#...#.####........
#.#.#...>...........
#.#.#.#........#.....


You could see Terence.

Vanquished Creatures
  2 adders (D:2)
  2 dart slugs (D:2)
  4 ball pythons
  3 endoplasms
  A giant cockroach (D:1)
  2 goblins
  3 hobgoblins (D:1)
  A quokka (D:1)
  4 bats
  2 frilled lizards (D:1)
  2 kobolds
  5 rats
31 creatures vanquished.

Notes
Turn   | Place    | Note
-------+----------+-------------------------------------------
     0 | D:1      | dolemite99 the Demonspawn Gladiator began the quest for the
                  | Orb.
     0 | D:1      | Reached XP level 1. HP: 16/16 MP: 1/1
   197 | D:1      | Reached skill level 3 in Axes
   583 | D:1      | Gained mutation: You are surrounded by a mild repulsion
                  | field. (EV +2) [demonic ancestry]
   583 | D:1      | Reached XP level 2. HP: 22/22 MP: 2/2
  1732 | D:2      | Reached skill level 4 in Axes
  1732 | D:2      | Gained mutation: You are surrounded by a moderate repulsion
                  | field. (EV +3) [demonic ancestry]
  1732 | D:2      | Reached XP level 3. HP: 11/27 MP: 3/3
  2057 | D:2      | Found a faded altar of an unknown god.
  2090 | D:2      | Prayed at the altar of an unknown god.
  2090 | D:2      | Became a worshipper of Kikubaaqudgha
  2090 | D:2      | Reached * piety under Kikubaaqudgha
  2090 | D:2      | Received a gift from Kikubaaqudgha
  2539 | D:2      | Noticed Terence
  2553 | D:2      | Slain by Terence

Illustrated notes

Levels and vault maps discovered:
D:1:      dpeg_arrival_renting, layout_basic
D:2:      layout_basic, ebering_ecumenical_altar_rust, uniq_terence

Skill      XL: |  1  2 |
---------------+-------+-----
Axes           | 3 4 |  4.2
Fighting       | |  2.0
Throwing       | |  1.7
Dodging        | |  2.6

Action                   || total
-------------------------++-------
Melee: War axe           ||    92
Throw: Throwing net      ||     3
 Stab: Sleeping          ||     1
Armor: Leather armour    ||    20
       Ring mail         ||    16
Dodge: Dodged            ||    96
